 Dungeon Sprint DCSS version 0.16-a0-3606-g1520cdc (webtiles) character file.

45171 BluebellGnoll the Slayer (level 14, -7/186 (188) HPs)
             Began as an Ogre Skald on Jan 13, 2015.
             Was the Champion of Makhleb.
             Mangled by a golden dragon (glowing shapeshifter) (23 damage)
             ... in the Dungeon (Sprint V: "Ziggurat Sprint").
             The game lasted 00:53:27 (1946 turns).

BluebellGnoll the Slayer (Ogre Skald)               Turns: 1946, Time: 00:53:27

HP:   -7/186 (188)  AC: 25    Str: 22      XL:     14   Next: 31%
MP:   28/28         EV: -1    Int: 13 (15) God:    Makhleb [******]
Gold: 0             SH: 31    Dex:  9      Spells: 6 memorised, 5 levels left

rFire  + + .     SeeInvis +     M - +9 demon whip (elec)
rCold  + . .     Clarity  .     J - +5 gold dragon armour
rNeg   + . .     SustAb   .     v - +18 shield of the gong {rElec rN+ MR+ EV-5}
rPois  +         Gourm    .     a - +0 mask of the Dragon {MR+ Slay+3 SInv} (curse)
rElec  +         Spirit   .     (no cloak)
rCorr  .         Warding  .     (gloves unavailable)
rMut   .         NoTele   +     (boots unavailable)
MR     ++++.                    (no amulet)
Stlth  ..........               s - ring of Chuw {rF+ HP+9 Str+2 Slay+3}
                                Q - ring of protection from magic

@: lethally poisoned, singing (expiring), studying 2 skills, invisible,
incredibly resistant to hostile enchantments, extremely unstealthy
A: unfitting armour, tough skin 1
a: Minor Destruction, Lesser Servant of Makhleb, Major Destruction, Greater
Servant of Makhleb, Renounce Religion, Stop Singing


You were in the Dungeon.
You worshipped Makhleb.
Makhleb was exalted by your worship.
You were hungry.

You visited 1 branch

Inventory:

Hand weapons
 u - the +6 shillelagh "Devastator"
   (You found it in the Dungeon)
 M - a +9 demon whip of electrocution (weapon)
Armour
 a - the cursed +0 mask of the Dragon (worn) {MR+ Slay+3 SInv}
   (You found it in the Dungeon)

   It affects your accuracy and damage with ranged weapons and melee attacks
   (+3).
   It affects your resistance to hostile enchantments.
   It enhances your eyesight.
   It has a curse placed upon it.
 v - the +18 shield of the gong (worn) {rElec rN+ MR+ EV-5}
   (You found it in the Dungeon)

   It affects your evasion (-5).
   It insulates you from electricity.
   It protects you from negative energy.
   It affects your resistance to hostile enchantments.
 J - a +5 gold dragon armour (worn)
Rods
 N - a +6 rod of destruction (10/10)
   (You found it in the Dungeon)
 X - a +3 iron rod (13/13)
   (You found it in the Dungeon)
 Z - a +8 rod of destruction (3/12)
   (You found it in the Dungeon)
Jewellery
 b - an uncursed ring of ice
 o - an uncursed ring of wizardry
 s - the ring of Chuw (right hand) {rF+ HP+9 Str+2 Slay+3}
   (You took it off a fire giant in the Dungeon)

   [ring of protection from fire]

   It affects your strength (+2).
   It affects your accuracy and damage with ranged weapons and melee attacks
   (+3).
   It protects you from fire.
   It affects your health (+9).
 Q - a ring of protection from magic (left hand)
 V - an uncursed ring of protection from fire
Magical devices
 k - a wand of disintegration (6)
 l - a wand of fire (3)
 m - a wand of cold (0)
 n - a wand of draining (2)
 Y - a wand of hasting (5)
Scrolls
 j - 2 scrolls of blinking
 y - 4 scrolls of amnesia
 z - 3 scrolls of recharging
 A - 5 scrolls of fog
 B - a scroll of holy word
 C - 5 scrolls of identify
 D - 4 scrolls of remove curse
 E - 2 scrolls of fear
Potions
 e - 10 potions of curing
 f - 9 potions of heal wounds
 g - 6 potions of haste
 h - 7 potions of magic
 i - 2 potions of berserk rage
 F - 2 potions of brilliance
 G - a potion of invisibility
 H - 2 potions of restore abilities
 I - 4 potions of resistance
 K - 5 potions of agility
 L - 5 potions of might
Books
 p - a tome of Destruction
 r - a manual of Ice Magic
 T - a manual of Fire Magic
Miscellaneous
 c - 2 phials of floods (inert)
 q - an ornate deck of summoning {drawn: 2}
 O - a lantern of shadows
 R - a sack of spiders {used: 2}
 S - a stone of tremors (inert)
 U - a fan of gales (inert)
 W - 2 lamps of fire (-14 inert)
Comestibles
 d - 5 meat rations
 t - 35 chunks of flesh
 w - 42 fruits
 x - 4 bread rations


   Skills:
 - Level 21.5 Fighting
 + Level 19.8 Maces & Flails
 - Level 13.6 Armour
 - Level 0.8 Dodging
 - Level 14.2 Shields
 - Level 2.4 Spellcasting
 - Level 12.2 Charms
 - Level 8.9 Invocations
 - Level 11.6 Evocations


You had 5 spell levels left.
You knew the following spells:

 Your Spells              Type           Power        Failure   Level  Hunger
a - Infusion              Chrm           ####..       14%         1    #......
b - Shroud of Golubria    Chrm/Tloc      ###.......   99%         2    ###....
c - Song of Slaying       Chrm           ####....     21%         2    ###....
d - Spectral Weapon       Hex/Chrm       ###.....     100%        3    ###....
e - Regeneration          Chrm/Necr      ###.......   100%        3    ###....
s - Summon Butterflies    Summ           #.......     100%        1    #......


Dungeon Overview and Level Annotations

Branches:
Dungeon (1/1)

Altars:
Ashenzari
Cheibriados
Dithmenos
Elyvilon
Fedhas
Gozag
Kikubaaqudgha
Makhleb
Nemelex Xobeh
Okawaru
Qazlal
Ru
Sif Muna
Trog
Vehumet
Xom
Yredelemnul
Zin
The Shining One
Beogh
Jiyva
Lugonu


Innate Abilities, Weirdness & Mutations

You are too large for most types of armour.
You have tough skin (AC +1).


Message History

Unknown command.
Unknown command.
Unknown command.
Drink which item? (? for menu, Esc to quit)
You fade into invisibility!
You feel sick.
The black mamba changes into a hippogriff!
You block the shard shrike's attack.
GONNNNG!
Your fire elemental barely misses the sphinx.
You block the moth of wrath's attack.
GONNNNG!
The sphinx hits your water elemental!!
The sphinx barely misses your water elemental. x2
Your water elemental hits the sphinx!
Your fire elemental hits the golden dragon.
Your fire elemental burns the golden dragon!
The golden dragon resists.
Your fire elemental hits the sphinx.
Your fire elemental burns the sphinx!
The golden dragon bites you!!
You die...

▓......|)[... ▓....÷.
▓...†......... ▓......
▓............. ▓.÷....
▓.§E.....|.... ▓..▓...
▓.†EH.rO..D.... ▓.▓▓▓÷.
▓.JD≈k......... ▓.†▓...
▓§E≈bCtDd...... ▓......
▓..≈HDxHb.......▓......
▓..≈▓H@≈....▓...▓▓▓▓▓▓▓
▓....yE.........▓.....8
▓....b..........▓.}..|=
▓...............▓..}}:)
▓▓▓▓▓▓▓▓▓▓▓▓▓▓▓▓▓......
▓...... ▓...... ▓......
▓......


You could see 2 golden dragon shaped shifters, 3 shard shrike shaped shifters,
an acid blob shaped shifter, 3 sphinx shaped shifters, 2 swamp dragon shaped
shifters, an ettin shaped shifter, a draconian shaped shifter, an octopode
shaped shifter (berserk), a fire crab shaped shifter, a lindwurm shaped shifter,
a moth of wrath shaped shifter, a hippogriff shaped shifter, a two-headed ogre
shaped shifter, a porcupine shaped shifter, 2 friendly water elementals and 2
friendly fire elementals.

Vanquished Creatures
  2 fire giants (D)
  2 ghouls (D)
  A vampire knight (D)
  2 fire dragons (D)
  2 death oozes (D)
  A yaktaur captain (D)
  3 great orbs of eyes (D)
  A death yak (D)
  An ogre mage (D)
  7 soul eaters (D)
  A hell hog (D)
  A catoblepas (D)
  2 deep elf knights (D)
  2 skeletal warriors (D)
  2 death scarabs (D)
  A giant orange brain (D)
  An anubis guard (D)
  3 deep elf conjurers (D)
  A necromancer (D)
  An orc knight (D)
  A hornet (shapeshifter) (D)
  An ugly thing (D)
  2 toenail golems (D)
  A shining eye (D)
  2 black mambas (D)
  2 rust devils (D)
  3 eyes of devastation (D)
  A black mamba (shapeshifter) (D)
  4 efreet (D)
  3 fire drakes (D)
  A deep elf priest (D)
  A red devil (D)
  4 guardian mummies (D)
  A tormentor (D)
  12 slime creatures (D)
  A boulder beetle (D)
  A blink frog (shapeshifter) (D)
  A shadow (D)
  2 fire vortices (D)
  A flying skull (D)
  A hippogriff (D)
  A wraith (D)
  2 yaks (D)
  A redback (shapeshifter) (D)
  2 golden eyes (D)
  2 fire elementals (D)
  2 deep elf fighters (D)
  A wolf (D)
  A vampire mosquito (D)
  A water moccasin (D)
  A spider (D)
  2 hell hounds (D)
  An ice beast (D)
  2 nagas (D)
  2 black bears (D)
  An eye of draining (D)
  2 necrophages (D)
  A boggart (shapeshifter) (D)
  A crocodile (D)
  3 earth elementals (D)
  A giant frog (D)
  A killer bee (D)
  A wight (D)
  2 jellies (D)
  2 mummies (D)
  3 adders (D)
  2 white imps (D)
  A giant eyeball (D)
  2 adder zombies (D)
  3 adder skeletons (D)
  2 adder simulacra (D)
  An ooze (D)
  A spectral bat (D)
  A ball python (D)
  2 bat skeletons (D)
  3 bat zombies (D)
  2 giant cockroach zombies (D)
  A giant gecko zombie (D)
  2 jackal zombies (D)
  2 quokkas (D)
  A spectral giant gecko (D)
  A fungus (D)
149 creatures vanquished.

Vanquished Creatures (collateral kills)
  A greater mummy (D)
  A shadow dragon (D)
  A vampire knight (D)
  A fire dragon (D)
  A mummy priest (D)
  A hell hog (D)
  2 soul eaters (D)
  A deep elf knight (D)
  2 death scarabs (D)
  2 necromancers (D)
  A toenail golem (D)
  A cyclops (shapeshifter) (D)
  An eye of devastation (D)
  2 hornets (shapeshifter) (D)
  A fire drake (D)
  A ghoul skeleton (D)
  4 slime creatures (D)
  A basilisk (D)
  An ushabti (D)
  A redback (shapeshifter) (D)
  2 fire elementals (D)
  A hippogriff (D)
  2 nagas (D)
  2 crocodiles (D)
  2 giant frogs (D)
  2 earth elementals (D)
  A killer bee (D)
  A wight (D)
  4 jellies (D)
  2 mummies (D)
  An adder skeleton (D)
  2 oozes (D)
  A spectral bat (D)
  A bat zombie (D)
  A ball python skeleton (D)
  A giant cockroach zombie (D)
53 creatures vanquished.

Vanquished Creatures (others)
  An Executioner (D)
  A player illusion (D)
  A cacodemon (D)
  A green death (D)
  An ugly thing (D)
  5 air elementals (D)
  12 water elementals (D)
  2 fire vortices (D)
  10 fire elementals (D)
  A raiju (D)
  5 shadows (D)
  3 vampire mosquitoes (D)
  A mottled dragon (D)
  A spider (D)
  2 earth elementals (D)
  2 centaurs (D)
  An iguana (D)
50 creatures vanquished.

Grand Total: 252 creatures vanquished

Notes
Turn   | Place    | Note
--------------------------------------------------------------
     0 | D        | BluebellGnoll, the Ogre Skald, began the quest for the Orb.
     0 | D        | Reached XP level 1. HP: 22/22 MP: 3/3
     0 | D        | Found a viscous altar of Jiyva.
     0 | D        | Found a corrupted altar of Lugonu.
     0 | D        | Found a white marble altar of Elyvilon.
     2 | D        | Found a sparkling altar of Nemelex Xobeh.
     2 | D        | Found a burning altar of Makhleb.
     2 | D        | Found a deep blue altar of Sif Muna.
     3 | D        | Found a bloodstained altar of Trog.
     8 | D        | Found an iron altar of Okawaru.
    18 | D        | Found a radiant altar of Vehumet.
    26 | D        | Found a basalt altar of Yredelemnul.
    32 | D        | Reached skill level 6 in Armour
    32 | D        | Reached XP level 2. HP: 29/29 MP: 5/5
    37 | D        | Found a shimmering altar of Xom.
    49 | D        | Became a worshipper of Makhleb the Destroyer
    71 | D        | Entered arena 1.
    71 | D        | Noticed a cyan ugly thing
    71 | D        | Noticed a blink frog
    74 | D        | Killed a cyan ugly thing
    74 | D        | Reached skill level 11 in Fighting
    74 | D        | Reached XP level 3. HP: 48/55 MP: 6/6
    74 | D        | Reached XP level 4. HP: 56/65 MP: 8/8
    74 | D        | Reached XP level 5. HP: 61/71 MP: 9/9
    74 | D        | Reached XP level 6. HP: 69/80 MP: 11/11
    75 | D        | Killed a blink frog
    75 | D        | Acquired Makhleb's first power
    75 | D        | Reached skill level 12 in Fighting
    75 | D        | Reached XP level 7. HP: 84/91 MP: 12/12
   202 | D        | Entered arena 2.
   202 | D        | Noticed a wolf
   202 | D        | Noticed a black bear
   202 | D        | Noticed a black bear
   203 | D        | Killed a wolf
   206 | D        | Killed a black bear
   206 | D        | Acquired Makhleb's second power
   212 | D        | Killed a black bear
   228 | D        | Entered arena 3.
   228 | D        | Noticed an ogre mage
   228 | D        | Noticed an orc knight
   228 | D        | Noticed a boulder beetle
   228 | D        | Noticed a yaktaur captain
   236 | D        | Killed a yaktaur captain
   236 | D        | Reached XP level 8. HP: 60/98 MP: 14/14
   238 | D        | Killed an ogre mage
   238 | D        | Acquired Makhleb's third power
   238 | D        | Reached skill level 10 in Armour
   238 | D        | Reached XP level 9. HP: 65/106 MP: 15/15
   238 | D        | Killed an orc knight
   239 | D        | Killed a boulder beetle
   259 | D        | Learned a level 1 spell: Summon Butterflies
   262 | D        | Learned a level 2 spell: Shroud of Golubria
   265 | D        | Learned a level 2 spell: Song of Slaying
   269 | D        | Learned a level 3 spell: Spectral Weapon
   273 | D        | Learned a level 3 spell: Regeneration
   356 | D        | Entered arena 4.
   356 | D        | Noticed a necrophage
   356 | D        | Noticed a necrophage
   358 | D        | Killed a necrophage
   358 | D        | Acquired Makhleb's fourth power
   358 | D        | Reached skill level 1 in Invocations
   358 | D        | Killed a necrophage
   358 | D        | Reached skill level 1 in Evocations
   368 | D        | Identified Nuatiusa's Almanac of Supportive Bewitchment (You found it in the Dungeon)
   374 | D        | Entered arena 5.
   374 | D        | Noticed an ice beast
   376 | D        | Killed an ice beast
   376 | D        | Acquired Makhleb's fifth power
   376 | D        | Reached skill level 13 in Maces & Flails
   398 | D        | Entered arena 6.
   398 | D        | Noticed a deep elf priest
   398 | D        | Noticed a swamp dragon
   398 | D        | Noticed a deep elf conjurer
   398 | D        | Noticed a deep elf conjurer
   398 | D        | Noticed a deep elf knight
   405 | D        | Killed a deep elf priest
   406 | D        | Killed a deep elf knight
   406 | D        | Reached skill level 5 in Invocations
   406 | D        | Reached XP level 10. HP: 115/115 MP: 15/18
   406 | D        | Killed a deep elf conjurer
   406 | D        | Reached skill level 14 in Maces & Flails
   410 | D        | Killed a deep elf conjurer
   410 | D        | Reached skill level 5 in Evocations
   411 | D        | Noticed a draconian
   411 | D        | a swamp dragon changed into a draconian
   419 | D        | Noticed a hornet
   419 | D        | a draconian changed into a hornet
   423 | D        | Killed a hornet
   438 | D        | Identified the Incunabulum of Helpful Arcane Weapons (You found it in the Dungeon)
   443 | D        | Entered arena 7.
   443 | D        | Noticed a jelly
   443 | D        | Noticed an eye of draining
   443 | D        | Noticed a slime creature
   443 | D        | Noticed a slime creature
   443 | D        | Noticed an eye of devastation
   451 | D        | Killed a jelly
   453 | D        | Killed a slime creature
   458 | D        | Killed a slime creature
   462 | D        | Killed an eye of draining
   471 | D        | Killed an eye of devastation
   471 | D        | Reached skill level 15 in Maces & Flails
   510 | D        | Entered arena 8.
   510 | D        | Noticed a deep elf fighter
   510 | D        | Noticed a deep elf conjurer
   510 | D        | Noticed a deep elf knight
   510 | D        | Noticed a black bear
   510 | D        | Noticed a deep elf knight
   510 | D        | Noticed a deep elf fighter
   510 | D        | Noticed a black mamba
   510 | D        | a black bear changed into a black mamba
   511 | D        | Noticed a hornet
   515 | D        | Killed a deep elf conjurer
   517 | D        | Killed a black mamba
   517 | D        | Reached XP level 11. HP: 126/126 MP: 21/23
   518 | D        | Killed a deep elf fighter
   518 | D        | Killed a deep elf fighter
   518 | D        | Reached skill level 16 in Maces & Flails
   519 | D        | Killed a deep elf knight
   523 | D        | Killed a deep elf knight
   524 | D        | Killed a hornet
   565 | D        | Entered arena 9.
   565 | D        | Noticed a toenail golem
   565 | D        | Noticed an earth elemental
   565 | D        | Noticed an earth elemental
   572 | D        | Noticed an earth elemental
   573 | D        | Noticed a toenail golem
   573 | D        | Noticed a toenail golem
   573 | D        | Noticed an earth elemental
   577 | D        | Killed a toenail golem
   577 | D        | Reached skill level 17 in Maces & Flails
   579 | D        | Killed an earth elemental
   581 | D        | Noticed an earth elemental
   583 | D        | Killed an earth elemental
   589 | D        | Killed a toenail golem
   596 | D        | Killed an earth elemental
   604 | D        | Killed an earth elemental
   606 | D        | Killed a toenail golem
   616 | D        | Killed an earth elemental
   625 | D        | Identified Sif Muna's Catalogue of Curses (You found it in the Dungeon)
   626 | D        | Identified Ghythru's Almanac of Moulding and Venom (You found it in the Dungeon)
   644 | D        | Entered arena 10.
   644 | D        | Noticed a naga
   644 | D        | Noticed a black mamba
   644 | D        | Noticed a naga
   644 | D        | Noticed a water moccasin
   644 | D        | Noticed a naga
   644 | D        | Noticed a naga
   645 | D        | Killed a naga
   650 | D        | Killed a water moccasin
   650 | D        | Reached skill level 15 in Fighting
   651 | D        | Killed a black mamba
   652 | D        | Killed a naga
   653 | D        | Killed a naga
   653 | D        | Reached skill level 18 in Maces & Flails
   656 | D        | Killed a naga
   693 | D        | Entered arena 11.
   693 | D        | Noticed a slime creature
   693 | D        | Noticed a jelly
   693 | D        | Noticed a great orb of eyes
   693 | D        | Noticed a slime creature
   693 | D        | Noticed a slime creature
   693 | D        | Noticed a death ooze
   693 | D        | Noticed a slime creature
   693 | D        | Noticed an eye of devastation
   696 | D        | Noticed a slime creature
   696 | D        | Noticed a slime creature
   698 | D        | Killed a slime creature
   703 | D        | Killed a slime creature
   704 | D        | Killed a large slime creature
   708 | D        | Killed a death ooze
   710 | D        | Killed an eye of devastation
   710 | D        | Reached skill level 19 in Maces & Flails
   712 | D        | Killed a slime creature
   714 | D        | Killed a slime creature
   716 | D        | Killed a great orb of eyes
   716 | D        | Killed a jelly
   852 | D        | Entered arena 12.
   852 | D        | Noticed a slime creature
   852 | D        | Noticed a golden eye
   852 | D        | Noticed an eye of devastation
   852 | D        | Noticed a slime creature
   852 | D        | Noticed a slime creature
   852 | D        | Noticed a slime creature
   852 | D        | Noticed a slime creature
   852 | D        | Noticed a shining eye
   854 | D        | Noticed a slime creature
   854 | D        | Noticed a giant orange brain
   854 | D        | Noticed a jelly
   856 | D        | Killed a shining eye
   856 | D        | Reached skill level 10 in Shields
   857 | D        | Killed a golden eye
   860 | D        | Killed a slime creature
   867 | D        | Killed a jelly
   871 | D        | Killed a giant orange brain
   874 | D        | Killed a slime creature
   874 | D        | Reached XP level 12. HP: 121/146 MP: 24/24
   875 | D        | Killed a large slime creature
   877 | D        | Killed an eye of devastation
   880 | D        | Killed a slime creature
   884 | D        | Killed a slime creature
   899 | D        | Entered arena 13.
   899 | D        | Noticed a hell hound
   899 | D        | Noticed a rust devil
   899 | D        | Noticed a hell hound
   900 | D        | Noticed a wraith
   900 | D        | Noticed a tormentor
   900 | D        | Noticed a wight
   902 | D        | Noticed a rust devil
   903 | D        | Noticed a red devil
   905 | D        | Killed a hell hound
   908 | D        | Killed a tormentor
   910 | D        | Killed a hell hound
   911 | D        | Killed a wight
   913 | D        | Killed a rust devil
   916 | D        | Killed a rust devil
   930 | D        | Killed a wraith
   935 | D        | Killed a red devil
   952 | D        | Identified the Papyrus of Supportive Shape Shifting (You found it in the Dungeon)
   960 | D        | Entered arena 14.
   960 | D        | Noticed a necromancer
   960 | D        | Noticed a vampire knight
   960 | D        | Noticed a vampire knight
   960 | D        | Noticed a shadow
   960 | D        | Noticed a necromancer
   960 | D        | Noticed a ghoul
   960 | D        | Noticed a necromancer
   960 | D        | Noticed a wight
   963 | D        | Noticed a skeletal warrior
   963 | D        | Noticed a skeletal warrior
   972 | D        | Killed a ghoul
   973 | D        | Killed a vampire knight
   975 | D        | Killed a necromancer
   976 | D        | Killed a necromancer
   979 | D        | Killed a necromancer
   991 | D        | Killed a vampire knight
   993 | D        | Killed a shadow
   997 | D        | Killed a wight
  1002 | D        | Killed a skeletal warrior
  1013 | D        | Killed a skeletal warrior
  1040 | D        | Identified the Tome of Shape Shifting and Snow (You found it in the Dungeon)
  1044 | D        | Identified a +8 rod of destruction (12/12) (You found it in the Dungeon)
  1045 | D        | Entered arena 15.
  1045 | D        | Noticed a guardian mummy
  1045 | D        | Noticed a death scarab
  1045 | D        | Noticed an anubis guard
  1046 | D        | Noticed a mummy priest
  1047 | D        | Noticed a death scarab
  1047 | D        | Noticed a guardian mummy
  1047 | D        | Noticed a guardian mummy
  1047 | D        | Noticed a flying skull
  1048 | D        | Noticed a guardian mummy
  1050 | D        | Noticed a greater mummy
  1051 | D        | Noticed an ushabti
  1051 | D        | Killed a death scarab
  1051 | D        | Killed a death scarab
  1056 | D        | Killed a flying skull
  1056 | D        | Killed a guardian mummy
  1057 | D        | Killed an anubis guard
  1057 | D        | Killed an ushabti
  1060 | D        | Killed a guardian mummy
  1060 | D        | Reached XP level 13. HP: 106/161 MP: 25/25
  1060 | D        | Killed a mummy priest
  1061 | D        | Killed a guardian mummy
  1068 | D        | HP: 7/162 [??? (4)]
  1070 | D        | Killed a greater mummy
  1070 | D        | Reached skill level 21 in Fighting
  1072 | D        | Killed a guardian mummy
  1421 | D        | Entered arena 16.
  1423 | D        | Noticed a slime creature
  1423 | D        | Noticed a slime creature
  1423 | D        | Noticed a great orb of eyes
  1424 | D        | Noticed a death ooze
  1424 | D        | Noticed a great orb of eyes
  1424 | D        | Noticed a jelly
  1424 | D        | Noticed an eye of devastation
  1424 | D        | Noticed a jelly
  1426 | D        | Noticed a jelly
  1426 | D        | Noticed a golden eye
  1427 | D        | Noticed a slime creature
  1427 | D        | Noticed a slime creature
  1427 | D        | Killed a jelly
  1428 | D        | Killed a golden eye
  1432 | D        | Killed a jelly
  1435 | D        | Killed a great orb of eyes
  1438 | D        | Killed a jelly
  1441 | D        | Killed a slime creature
  1443 | D        | Killed a slime creature
  1444 | D        | Killed a slime creature
  1448 | D        | Killed a great orb of eyes
  1450 | D        | Killed a slime creature
  1452 | D        | Killed a death ooze
  1453 | D        | Killed an eye of devastation
  1573 | D        | Entered arena 17.
  1582 | D        | Noticed an iguana
  1582 | D        | Noticed a black mamba
  1582 | D        | Noticed a hippogriff
  1583 | D        | Noticed a yak
  1584 | D        | Noticed a crocodile
  1585 | D        | Noticed a crocodile
  1585 | D        | Noticed a yak
  1585 | D        | Noticed a fire drake
  1586 | D        | Noticed a death yak
  1586 | D        | Killed a black mamba
  1586 | D        | Reached skill level 10 in Evocations
  1587 | D        | Noticed a giant frog
  1587 | D        | Identified a +6 rod of destruction (10/10) (You found it in the Dungeon)
  1588 | D        | Killed a crocodile
  1589 | D        | Noticed a crocodile
  1589 | D        | Noticed a giant frog
  1589 | D        | Killed a hippogriff
  1590 | D        | Noticed a hippogriff
  1592 | D        | Killed a crocodile
  1594 | D        | Killed an iguana
  1595 | D        | Noticed a giant frog
  1595 | D        | Killed a yak
  1595 | D        | Killed a hippogriff
  1596 | D        | Noticed a catoblepas
  1596 | D        | Killed a yak
  1597 | D        | Killed a fire drake
  1599 | D        | Killed a giant frog
  1600 | D        | Killed a giant frog
  1602 | D        | Killed a giant frog
  1605 | D        | Killed a crocodile
  1609 | D        | Killed a death yak
  1617 | D        | Killed a catoblepas
  1655 | D        | Identified Phamitas' Disquisition on Torrid Augmentations (You found it in the Dungeon)
  1659 | D        | Identified Phamitas' Disquisition on Torrid Augmentations (You found it in the Dungeon)
  1660 | D        | Entered arena 18.
  1670 | D        | Noticed a soul eater
  1672 | D        | Noticed a soul eater
  1673 | D        | Noticed a soul eater
  1673 | D        | Noticed a soul eater
  1674 | D        | Noticed a ghoul
  1675 | D        | Killed a soul eater
  1676 | D        | Noticed a soul eater
  1677 | D        | Noticed a soul eater
  1679 | D        | Noticed a shadow dragon
  1680 | D        | Killed a soul eater
  1681 | D        | Noticed a soul eater
  1682 | D        | Noticed a soul eater
  1687 | D        | Killed a soul eater
  1692 | D        | Killed a ghoul
  1695 | D        | Killed a soul eater
  1700 | D        | Killed a soul eater
  1703 | D        | Killed a soul eater
  1708 | D        | Killed a soul eater
  1709 | D        | Killed a shadow dragon
  1711 | D        | Killed a soul eater
  1734 | D        | Got the ring of Dischord {*Rage +Rage Stlth-}
  1746 | D        | Identified the Reference Book on Fiery Battle Magic (You found it in the Dungeon)
  1771 | D        | Entered arena 19.
  1771 | D        | Noticed a fire vortex
  1771 | D        | Noticed a fire vortex
  1771 | D        | Noticed a fire vortex
  1771 | D        | Noticed a fire vortex
  1775 | D        | Killed a fire vortex
  1777 | D        | Noticed a hell hog
  1778 | D        | Noticed a fire drake
  1778 | D        | Noticed a fire drake
  1779 | D        | Noticed a fire elemental
  1779 | D        | Noticed a fire drake
  1779 | D        | Noticed a fire elemental
  1779 | D        | Noticed an efreet
  1779 | D        | Noticed a fire giant
  1779 | D        | Noticed a fire dragon
  1780 | D        | Noticed a fire dragon
  1780 | D        | Noticed a fire elemental
  1780 | D        | Noticed a fire dragon
  1780 | D        | Noticed an efreet
  1780 | D        | Noticed a hell hog
  1780 | D        | Noticed an efreet
  1781 | D        | Noticed an efreet
  1782 | D        | Killed a fire elemental
  1783 | D        | Noticed a fire giant
  1783 | D        | Killed a fire drake
  1785 | D        | Noticed a fire elemental
  1786 | D        | Killed a fire drake
  1787 | D        | Killed a fire elemental
  1787 | D        | Reached XP level 14. HP: 161/177 MP: 28/28
  1789 | D        | Killed a fire elemental
  1793 | D        | Killed a fire giant
  1795 | D        | Killed a fire elemental
  1796 | D        | Killed an efreet
  1796 | D        | Reached skill level 10 in Charms
  1798 | D        | Killed a hell hog
  1804 | D        | Killed a hell hog
  1806 | D        | Killed an efreet
  1808 | D        | Killed a fire drake
  1811 | D        | Killed a fire giant
  1815 | D        | Killed a fire dragon
  1817 | D        | Killed a fire dragon
  1821 | D        | Killed an efreet
  1823 | D        | Killed a fire dragon
  1826 | D        | Killed an efreet
  1834 | D        | Killed a fire vortex
  1834 | D        | Killed a fire vortex
  1835 | D        | Killed a fire vortex
  1839 | D        | Got the ring of Chuw {rF+ HP+9 Str+2 Slay+3}
  1889 | D        | Identified the Tome of Conjuration (You found it in the Dungeon)
  1909 | D        | Entered arena 20.
  1916 | D        | Noticed a shard shrike
  1917 | D        | Noticed a titan
  1917 | D        | Noticed a boggart
  1917 | D        | Noticed an iron dragon
  1917 | D        | a shard shrike changed into an iron dragon
  1918 | D        | Noticed a sea snake
  1918 | D        | Noticed a deep troll
  1918 | D        | Noticed a shock serpent
  1919 | D        | Noticed a shard shrike
  1919 | D        | Noticed a shard shrike
  1919 | D        | Noticed a death drake
  1919 | D        | a deep troll changed into a sea snake
  1919 | D        | a death drake changed into a merfolk
  1920 | D        | Killed a boggart
  1920 | D        | a sea snake changed into a shock serpent
  1920 | D        | Noticed a golden dragon
  1920 | D        | a shard shrike changed into a golden dragon
  1920 | D        | Noticed a shard shrike
  1920 | D        | a titan changed into a shard shrike
  1921 | D        | Noticed a shard shrike
  1921 | D        | Noticed a hornet
  1921 | D        | Noticed a titan
  1921 | D        | Noticed a shard shrike
  1921 | D        | Noticed a shadow dragon
  1921 | D        | an iron dragon changed into a shadow dragon
  1921 | D        | Noticed a golden dragon
  1921 | D        | a shard shrike changed into a golden dragon
  1922 | D        | Noticed an acid blob
  1922 | D        | Noticed a titan
  1922 | D        | a shard shrike changed into a titan
  1923 | D        | Noticed an acid blob
  1923 | D        | a golden dragon changed into an acid blob
  1923 | D        | Noticed a shard shrike
  1923 | D        | a titan changed into a shard shrike
  1923 | D        | a shock serpent changed into a slime creature
  1926 | D        | Noticed a shard shrike
  1926 | D        | Noticed a shadow dragon
  1926 | D        | an acid blob changed into a shadow dragon
  1926 | D        | Noticed an acid blob
  1926 | D        | a titan changed into an acid blob
  1927 | D        | a shadow dragon changed into an iron troll
  1928 | D        | Noticed a titan
  1928 | D        | a shard shrike changed into a titan
  1928 | D        | Noticed an iron dragon
  1928 | D        | a golden dragon changed into an iron dragon
  1930 | D        | Noticed an iron dragon
  1930 | D        | an acid blob changed into an iron dragon
  1931 | D        | Noticed a cyclops
  1931 | D        | Noticed an azure jelly
  1931 | D        | an iron troll changed into an azure jelly
  1931 | D        | Noticed a shard shrike
  1931 | D        | a titan changed into a shard shrike
  1931 | D        | Noticed a titan
  1931 | D        | a shard shrike changed into a titan
  1932 | D        | Noticed an iron dragon
  1932 | D        | a titan changed into an iron dragon
  1932 | D        | a cyclops changed into a wind drake
  1932 | D        | Noticed a shadow dragon
  1932 | D        | an acid blob changed into a shadow dragon
  1932 | D        | Your ally BluebellGnoll died
  1934 | D        | Noticed a titan
  1934 | D        | a shard shrike changed into a titan
  1935 | D        | Noticed a quicksilver dragon
  1935 | D        | an azure jelly changed into a quicksilver dragon
  1935 | D        | Noticed a titan
  1935 | D        | a shard shrike changed into a titan
  1935 | D        | Noticed a titan
  1935 | D        | an iron dragon changed into a titan
  1935 | D        | Noticed a sphinx
  1935 | D        | an iron dragon changed into a sphinx
  1935 | D        | Noticed an acid blob
  1935 | D        | a shadow dragon changed into an acid blob
  1935 | D        | Noticed an acid blob
  1935 | D        | a shard shrike changed into an acid blob
  1936 | D        | Noticed a stone giant
  1936 | D        | a quicksilver dragon changed into a stone giant
  1936 | D        | Noticed a shard shrike
  1936 | D        | a titan changed into a shard shrike
  1936 | D        | a shadow dragon changed into an iron troll
  1938 | D        | Noticed a frost giant
  1938 | D        | a stone giant changed into a frost giant
  1938 | D        | Noticed an acid blob
  1938 | D        | a titan changed into an acid blob
  1938 | D        | Noticed a golden dragon
  1938 | D        | an acid blob changed into a golden dragon
  1938 | D        | Noticed an azure jelly
  1938 | D        | an iron troll changed into an azure jelly
  1939 | D        | Noticed a sphinx
  1939 | D        | a frost giant changed into a sphinx
  1939 | D        | Noticed a golden dragon
  1939 | D        | an acid blob changed into a golden dragon
  1939 | D        | Noticed a shadow dragon
  1939 | D        | an acid blob changed into a shadow dragon
  1940 | D        | Noticed a shard shrike
  1940 | D        | a golden dragon changed into a shard shrike
  1940 | D        | Noticed a golden dragon
  1940 | D        | an iron dragon changed into a golden dragon
  1942 | D        | Noticed a caustic shrike
  1942 | D        | a sphinx changed into a caustic shrike
  1942 | D        | Noticed a shard shrike
  1942 | D        | a titan changed into a shard shrike
  1942 | D        | Killed a hornet
  1944 | D        | Noticed an iron dragon
  1944 | D        | a golden dragon changed into an iron dragon
  1944 | D        | Noticed an acid blob
  1944 | D        | a shadow dragon changed into an acid blob
  1944 | D        | Noticed a fire giant
  1944 | D        | an azure jelly changed into a fire giant
  1945 | D        | Noticed a sphinx
  1945 | D        | a caustic shrike changed into a sphinx
  1945 | D        | Noticed a golden dragon
  1945 | D        | an iron dragon changed into a golden dragon
  1945 | D        | Noticed a sphinx
  1945 | D        | a fire giant changed into a sphinx
  1946 | D        | Mangled by a golden dragon (glowing shapeshifter)

Action                   |  1- 3 |  4- 6 |  7- 9 | 10-12 | 13-15 || total
-------------------------+-------+-------+-------+-------+-------++-------
Melee: Shillelagh        |     2 |     1 |    25 |   110 |       ||   138
       Demon whip        |       |       |       |   104 |   133 ||   237
 Cast: Song of Slaying   |       |       |       |     1 |     2 ||     3
       Regeneration      |       |       |       |     1 |     1 ||     2
       Shroud of Golubri |       |       |       |     1 |     1 ||     2
Invok: Greater Servant o |       |       |       |     1 |     4 ||     5
       Major Destruction |       |       |       |     1 |     1 ||     2
Evoke: Wand              |       |       |     5 |     5 |     1 ||    11
       Sack of spiders   |       |       |     1 |     2 |     1 ||     4
       Phial of floods   |       |       |       |     7 |     8 ||    15
       Deck              |       |       |       |     1 |     5 ||     6
       Lamp of fire      |       |       |       |     4 |     7 ||    11
       Rod               |       |       |       |     3 |    10 ||    13
       Stone of tremors  |       |       |       |       |     5 ||     5
       Fan of gales      |       |       |       |       |     2 ||     2
  Use: Potion            |     2 |       |       |       |     2 ||     4
       Scroll            |       |       |     2 |     2 |     6 ||    10
 Stab: Fleeing           |       |       |     1 |       |       ||     1
       Distracted        |       |       |       |     1 |     5 ||     6
  Eat: Royal jelly       |       |       |       |     3 |       ||     3
       Chunk             |       |       |       |       |     1 ||     1
